 Seeded DCSS version 0.30.1-4-g462c640d31 (webtiles) character file.

Game seed: 6351066067085065685 (custom seed)

19 Esekla the Grave Robber (level 2, -1/15 HPs)
             Began as a Deep Elf Necromancer on Aug 28, 2023.
             Was an Initiate of Vehumet.
             Slain by an orc
             ... wielding a +0 trident
              (6 damage)
             ... on level 4 of the Dungeon.
             The game lasted 00:05:59 (963 turns).

Esekla the Grave Robber (Deep Elf Necromancer)       Turns: 963, Time: 00:06:00

Health: -1/15      AC:  4    Str:  5    XL:     2   Next: 55%
Magic:  8/8        EV: 12    Int: 19    God:    Vehumet [......]
Gold:   101        SH:  0    Dex: 15    Spells: 6/7 levels left

rFire   . . .        j - +1 short sword (freeze)
rCold   . . .        (no shield)
rNeg    . . .        a - +0 robe
rPois   .            h - +0 helmet
rElec   .            (no cloak)
rCorr   .            c - +0 pair of gloves
SInv    .            (no boots)
Will    .....        (no amulet)
Stlth   ++           (no ring)
HPRegen 0.22/turn    (no ring)
MPRegen 0.11/turn

%: no passive effects
@: no status effects
A: no striking features
a: Renounce Religion


You were on level 4 of the Dungeon.
You worshipped Vehumet.
Vehumet was noncommittal.
You visited 1 branch of the dungeon, and saw 4 of its levels.

You collected 101 gold pieces.

Inventory:

Hand Weapons
 j - a +1 short sword of freezing (weapon)
Armour
 a - a +0 robe (worn)
 c - a +0 pair of gloves (worn)
 h - a +0 helmet (worn)
Scrolls
 f - a scroll of identify {unknown}
 l - a scroll of enchant armour {unknown}
 m - a scroll of amnesia {unknown}
 n - 2 scrolls of enchant weapon {unknown}
Potions
 b - a potion of magic
 d - a potion of ambrosia {unknown}
 e - a potion of curing {unknown}
 g - a potion of heal wounds {unknown}
 i - a potion of mutation {unknown}
 k - a potion of attraction {unknown}


   Skills:
 + Level 0.2 Short Blades
 * Level 2.6 Dodging
 + Level 2.6 Stealth
 * Level 3.2 Spellcasting
 + Level 5.3 Necromancy


You had 6 spell levels left.
You knew the following spells:

 Your Spells              Type           Power      Damage    Failure   Level
a - Necrotise             Necr           92%        1d8       1%          1

Your spell library contained the following spells:

 Spells                   Type           Power      Damage    Failure   Level
 Vampiric Draining        Necr           23%        2d7       4%          3
 Animate Dead             Necr           23%        N/A       16%         4
 Agony                    Necr           23%        N/A       41%         5


Dungeon Overview and Level Annotations

Branches:
Dungeon (4/15)
 Temple: D:4-7

Altars:
Okawaru
Vehumet
Zin

Shops:
D:4 (


Message History

You closely miss the adder.
The adder is heavily wounded.
The adder bites you.
You are poisoned.
The adder poisons you! The adder closely misses you.
You hit the adder.
The adder seems to slow down.
You freeze the adder.
The adder is almost dead.
You feel sick.
You miss the adder.
The adder is almost dead.
You feel sick. The adder barely misses you.
You hit the adder.
The adder seems to slow down.
You freeze the adder.
You kill the adder!
Vehumet accepts your kill.
You feel sick.
You feel sick.
You are no longer poisoned.
You see here 13 gold pieces.
You now have 101 gold pieces (gained 13).
Found a scroll labelled AMAJ ITEFF.
You see here a scroll labelled AMAJ ITEFF.
You hit the worm. You freeze the worm.
The worm is heavily wounded.
The worm bites you!
You hit the worm. You freeze the worm.
The worm is severely wounded.
You hit the worm. You freeze the worm.
The worm is almost dead.
The worm bites you!
* * * LOW HITPOINT WARNING * * *
There is an escape hatch in the floor here.
Found a scroll labelled OPUZOUSOET. 2 orcs come into view.
The orc shouts!
An orc comes into view. It is wielding a +0 hand axe.
The orc hits you from afar with a +0 trident.
* * * LOW HITPOINT WARNING * * *
There is an escape hatch in the ceiling here.
The orc hits you from afar with a +0 trident.
You die...

#^................'.'#.#.#'..#...
##..............###..#####...#...
................###..........#...
..............#.##...............
..........#####.##..........##...
.............##.............##...
.....####....##.o................
.......#.........................
.......#>.......@................
.................................
.................................
.....)............##.............
..................##.......##'###
.......##.........##.......##....
#......##.......[.###############
###################


You could see an orc.

Vanquished Creatures
  An adder (D:4)
  An endoplasm (D:3)
  2 goblins (D:3)
  A hobgoblin (D:3)
  2 bats (D:3)
  A frilled lizard (D:3)
  3 kobolds
11 creatures vanquished.

Notes
Turn   | Place    | Note
-------+----------+-------------------------------------------
     0 | D:1      | Esekla the Deep Elf Necromancer began the quest for the
                  | Orb.
     0 | D:1      | Reached XP level 1. HP: 10/10 MP: 6/6
   239 | D:4      | Found a radiant altar of Vehumet.
   251 | D:4      | Found an iron altar of Okawaru.
   262 | D:4      | Found a glowing silver altar of Zin.
   411 | D:4      | Became a worshipper of Vehumet
   585 | D:3      | Reached skill level 5 in Necromancy
   707 | D:3      | Reached XP level 2. HP: 15/15 MP: 8/8
   798 | D:4      | Found Ponaysk's Antique Weapon Boutique.
   963 | D:4      | Slain by an orc

Illustrated notes

Levels and vault maps discovered:
D:1:      sevenhm_arrival_forest_fort_small_3, layout_rooms,
          chequers_serial_rivers_room_b, minmay_misc_feat_five
D:2:      layout_loops_ring, dreamdust_ecumenical_altar_angels_and_demons,
          serial_shops, shop
D:3:      layout_basic, grunt_temple_overflow_open, minmay_misc_feat_iff
D:4:      layout_basic, nicolae_overflow_quartered_altars, serial_shops,
          nicolae_diamond_shop

Skill      XL: |  1 |
---------------+----+-----
Necromancy     | 5 |  5.3
Short Blades   | |  0.2
Dodging        | |  2.6
Stealth        | |  2.6
Spellcasting   | |  3.2

Action                     || total
---------------------------++-------
  Melee: Short sword       ||    27
         Unarmed           ||     9
    Use: Scroll            ||     1
   Stab: Sleeping          ||     4
 Armour: Robe              ||     6
  Dodge: Dodged            ||    18
